Map: 16-Bit LE

Players

pta

  • Race: Zerg Zerg
  • Spawn Location: 7:00

A.I. 1 (Very Hard) - Winner!

  • Race: Zerg Zerg
  • Spawn Location: 1:00

VOD

Have the link to the VOD?

Description

Time

  • Played on: April 20, 2019, 3:38 p.m.
  • Length: 5:37
Show
View Real Time Build Order
Export as new Build Order

pta Zerg 

Build Orders: Pool First 

Get SALT Encoding   

  12  0:01  Drone  
  13  0:25  Spawning Pool  
  12  0:29  Drone  
  12  0:35  Overlord  
  13  0:45  Drone  
  14  0:56  Drone x2  
  16  0:59  Extractor  
  16  1:02  Drone  
  16  1:16  Queen  
  18  1:20  Drone  
  18  1:25  Drone  
  20  1:35  Drone  
  21  1:45  Drone  
  22  1:58  Hatchery  
  21  2:03  Overlord  
  21  2:11  Zergling x2  
  22  2:23  Zergling x2  
  22  2:29  Zergling x4  
  25  2:34  Lair  
  25  2:36  Metabolic Boost  
  25  2:38  Zergling x2  
  25  2:39  Zergling x2  
  27  2:46  Roach Warren  
  27  2:49  Drone  
  27  2:56  Overlord  
  27  3:02  Drone  
  27  3:03  Drone  
  29  3:06  Drone  
  29  3:12  Drone  
  31  3:26  Drone  
  32  3:27  Drone x2  
  36  3:34  Roach x2  
  36  3:35  Roach  
  36  3:37  Roach  
  42  3:42  Extractor  
  42  3:45  Drone x2  
  43  3:49  Overlord  
  43  3:57  Drone  
  44  4:07  Queen  
  46  4:14  Drone x3  
  45  4:27  Zergling x2, Roach x3  
  40  4:41  Spine Crawler  
  37  4:51  Roach x2  
  37  4:52  Zergling x4  
  38  4:53  Roach  
  36  5:03  Zergling x2  
  36  5:04  Zergling x2  
  39  5:14  Roach x2  
Show
View Real Time Build Order
Export as new Build Order

A.I. 1 (Very Hard) Zerg - Winner!

Build Orders: Pool First 

Get SALT Encoding   

  12  0:00  Drone  
  13  0:12  Overlord  
  13  0:18  Drone  
  14  0:30  Drone  
  15  0:40  Spawning Pool  
  15  0:41  Drone  
  15  0:46  Drone  
  16  0:50  Drone  
  16  0:53  Extractor  
  16  0:56  Drone  
  17  1:06  Drone  
  18  1:17  Drone  
  19  1:28  Zergling x2, Queen  
  19  1:30  Roach Warren  
  21  1:39  Overlord  
  21  1:49  Drone  
  22  1:59  Overlord  
  22  2:11  Roach  
  24  2:21  Roach  
  26  2:27  Hatchery  
  25  2:32  Drone  
  25  2:34  Roach  
  25  2:35  Roach  
  30  2:40  Roach  
  32  2:45  Roach  
  34  2:54  Overlord  
  34  3:05  Roach  
  36  3:06  Roach  
  36  3:12  Roach  
  40  3:13  Roach  
  40  3:18  Roach  
  44  3:27  Roach  
  46  3:38  Overlord  
  46  3:39  Roach  
  50  3:41  Roach  
  50  3:47  Zergling x2  
  51  3:52  Zergling x2  
  52  3:57  Zergling x2  
  52  3:59  Zergling x2  
  54  4:08  Baneling Nest  
  53  4:10  Zergling x2  
  53  4:14  Zergling x2  
  53  4:16  Zergling x2  
  55  4:21  Zergling x2  
  54  4:25  Zergling x2  
  53  4:41  Drone  
  53  4:44  Overlord  
  54  4:51  Baneling  
  54  4:52  Baneling  
  54  4:53  Baneling  
  54  4:55  Extractor  
  54  4:56  Extractor, Drone  
  54  4:58  Drone  
  52  5:24  Drone  
Tags
 
Matchup
ZvZ
Race
Zerg
Spawn Locations
Cross Positions
Add a new tag
Caveats
  • Supply blocks, unpowered buildings, or Contaminate may cause inaccurate times.
  • Supply counts are checked every 10 seconds.